Map: 2000 Atmospheres LE

Players

TriGGeR

  • Race: Protoss Protoss

Vindicta - Winner!

  • Race: Terran Terran

Event: DreamHack SC2 Masters 2021 Fall

VOD

Have the link to the VOD?

Description

Time

  • Played on: Aug. 3, 2021, 3:42 p.m.
  • Length: 20:38

All games in this series

Show
View Real Time Build Order
Export as new Build Order

TriGGeR Protoss 

Build Orders: Proxy Void Ray 

Get SALT Encoding   

  12  0:00  Probe  
  13  0:12  Probe  
  14  0:16  Pylon  
  14  0:24  Probe (Chrono Boost)  
  15  0:35  Gateway  
  16  0:36  Probe (Chrono Boost)  
  16  0:41  Probe (Chrono Boost)  
  17  0:44  Assimilator  
  17  0:50  Probe  
  17  0:53  Assimilator  
  18  1:03  Probe (Chrono Boost)  
  19  1:13  Pylon, Probe (Chrono Boost)  
  19  1:18  Probe (Chrono Boost)  
  20  1:23  Cybernetics Core  
  21  1:31  Probe  
  22  1:43  Probe  
  23  1:50  Nexus  
  23  2:01  Stargate  
  23  2:04  Adept (Chrono Boost)  
  25  2:10  Probe  
  26  2:18  Warp Gate  
  26  2:22  Probe  
  27  2:26  Adept  
  29  2:34  Probe  
  30  2:40  Pylon  
  30  2:50  Void Ray (Chrono Boost)  
  30  2:53  Probe  
  35  3:06  Shield Battery  
  35  3:07  Shield Battery  
  35  3:09  Probe x2  
  37  3:16  Shield Battery  
  37  3:19  Void Ray (Chrono Boost)  
  37  3:23  Probe  
  42  3:29  Probe  
  43  3:34  Shield Battery  
  43  3:36  Probe  
  44  3:43  Probe  
  45  3:49  Void Ray (Chrono Boost)  
  45  3:51  Shield Battery  
  45  3:54  Probe  
  46  4:02  Probe  
  49  4:06  Shield Battery  
  49  4:08  Probe  
  50  4:14  Probe  
  50  4:16  Gateway  
  51  4:20  Probe  
  51  4:21  Assimilator  
  52  4:26  Probe  
  53  4:33  Probe  
  53  4:36  Pylon  
  54  4:39  Pylon  
  54  4:48  Assimilator, Void Ray  
  54  4:54  Probe x2  
  54  4:57  Robotics Facility  
  60  5:06  Probe x2  
  62  5:17  Adept  
  62  5:18  Shield Battery, Adept, Probe  
  67  5:23  Probe  
  68  5:31  Probe  
  69  5:36  Forge  
  69  5:38  Gateway  
  69  5:46  Observer, Robotics Bay  
  69  5:47  Gateway  
  70  5:52  Pylon  
  70  5:53  Pylon  
  70  5:58  Shield Battery  
  70  6:01  Pylon  
  70  6:04  Void Ray  
  70  6:10  Observer, Probe  
  72  6:20  Adept  
  72  6:22  Nexus  
  72  6:23  Protoss Ground Weapons Level 1  
  74  6:25  Pylon  
  74  6:32  Twilight Council  
  74  6:34  Colossus (Chrono Boost)  
  80  6:41  Extended Thermal Lance  
  80  6:43  Stalker x2  
  80  6:46  Sentry  
  86  6:49  Probe  
  86  6:50  Probe  
  88  6:57  Zealot  
  88  7:00  Gateway  
  90  7:03  Gateway  
  90  7:08  Charge (Chrono Boost), Probe  
  91  7:23  Pylon  
  91  7:29  Stalker  
  93  7:30  Colossus (Chrono Boost)  
  93  7:36  Probe x3  
  102  7:42  Zealot x3  
  102  7:43  Shield Battery  
  106  7:54  Zealot x2  
  88  8:06  Zealot x3  
  88  8:07  Colossus (Chrono Boost)  
  92  8:19  Stalker x3  
  98  8:25  Protoss Ground Weapons Level 2 (Chrono Boost)  
  96  8:29  Probe x2  
  98  8:34  Gateway  
  98  8:40  Probe  
  98  8:41  Probe  
  100  8:47  Blink  
  100  8:50  Warp Prism  
  100  8:54  Templar Archives  
  102  8:58  Stalker x2  
  102  8:59  Zealot  
  108  9:11  Stalker x2  
  108  9:12  Zealot  
  114  9:18  Gateway  
  114  9:22  Zealot x2  
  117  9:32  Pylon  
  117  9:34  Pylon  
  117  9:35  Assimilator  
  117  9:37  Pylon  
  117  9:39  Pylon x2  
  117  9:48  Assimilator  
  117  9:50  Observer, Probe x2  
  120  9:57  Gateway  
  120  10:00  Gateway, High Templar x4  
  120  10:01  Zealot x3  
  134  10:07  Archon x2  
  134  10:08  Photon Cannon  
  134  10:16  Zealot  
  116  10:30  Zealot x3  
  116  10:31  Nexus  
  116  10:33  Zealot  
  98  10:35  Zealot  
  98  10:36  Zealot x2  
  87  10:48  Stalker x4  
  93  10:50  Pylon  
  93  10:58  Pylon, High Templar x2  
  93  10:59  Zealot x3  
  93  11:03  Zealot, Archon  
  105  11:11  Shield Battery  
  105  11:14  Stalker x2  
  109  11:22  Probe x2  
  111  11:28  Zealot x5  
  121  11:35  Zealot x2  
  125  11:42  Probe  
  125  11:43  Probe x3  
  125  11:47  Zealot  
  131  11:49  Stalker x2  
  131  11:52  Zealot  
  131  11:53  Zealot  
  137  12:06  Stalker  
  137  12:07  Stalker x2  
  143  12:12  Forge, Shield Battery  
  143  12:15  Forge  
  142  12:22  Observer (Chrono Boost)  
  143  12:31  High Templar x5  
  143  12:32  Zealot x5  
  143  12:35  Observer (Chrono Boost)  
  164  12:38  Archon x2  
  164  12:47  Probe x3  
  165  12:52  Zealot x5  
  173  13:03  Protoss Ground Armor Level 1 (Chrono Boost)  
  173  13:05  Zealot x5  
  182  13:08  Dark Shrine  
  174  13:17  Disruptor (Chrono Boost)  
  174  13:19  Assimilator  
  173  13:20  Stalker  
  173  13:22  Assimilator  
  173  13:26  High Templar x2  
  173  13:27  High Templar x2  
  183  13:32  Archon x2  
  183  13:38  Protoss Ground Weapons Level 3 (Chrono Boost)  
  183  13:46  Robotics Facility  
  183  14:00  Stalker x2  
  187  14:05  Nexus  
  187  14:07  Pylon x2  
  187  14:10  Pylon  
  187  14:12  Dark Shrine  
  187  14:17  Gateway  
  187  14:21  Disruptor  
  179  14:33  Photon Cannon  
  179  14:34  Probe x2  
  179  14:35  Shield Battery  
  181  14:41  Stalker x3  
  181  14:42  Zealot x5  
  196  14:56  Protoss Ground Armor Level 2 (Chrono Boost)  
  196  15:00  Stalker  
  196  15:04  Disruptor  
  198  15:15  Zealot  
  197  15:28  Shadow Stride (Chrono Boost)  
  197  15:30  Nexus  
  197  15:36  Probe x2  
  199  15:45  Gateway  
  199  15:47  Gateway  
  199  16:03  Pylon  
  199  16:07  Photon Cannon x3  
  199  16:08  Photon Cannon  
  199  16:09  Shield Battery  
  199  16:11  Gravitic Boosters  
  199  16:14  Protoss Shields Level 1 (Chrono Boost)  
  199  16:24  Photon Cannon  
  199  16:26  Photon Cannon  
  199  16:28  Photon Cannon  
  199  16:29  Shield Battery  
  199  16:32  Shield Battery  
  199  16:33  Photon Cannon  
  199  16:34  Psionic Storm  
  199  16:36  Pylon  
  199  16:38  Photon Cannon  
  199  16:40  Pylon  
  199  16:51  Probe  
  200  17:35  Shield Battery  
  200  17:38  Shield Battery  
  200  17:39  Photon Cannon  
  200  17:40  Protoss Ground Armor Level 3 (Chrono Boost)  
  200  17:51  Nexus  
  200  17:58  Nexus  
  188  18:07  Photon Cannon  
  188  18:16  Zealot x3  
  188  18:17  Dark Templar x2, Zealot  
  189  18:34  Disruptor, Photon Cannon  
  189  18:36  Nexus  
  189  18:37  Shield Battery  
  190  18:45  Pylon  
  190  18:47  Photon Cannon  
  171  19:09  Disruptor, Zealot  
  159  19:10  Zealot x12  
  172  19:31  Gateway  
  172  19:34  Dark Templar x7  
  172  19:36  Assimilator, Gateway  
  172  19:38  Assimilator  
  186  19:39  Pylon  
  186  19:45  Disruptor  
  97  20:03  Zealot x3, Stalker  
  97  20:04  Stalker  
  96  20:09  Zealot x8  
  77  20:25  Zealot x2  
  77  20:29  Zealot  
  77  20:30  Zealot x5  
  77  20:35  Zealot x4  
Show
View Real Time Build Order
Export as new Build Order

Vindicta Terran - Winner!

Build Orders:  

Get SALT Encoding   

  12  0:00  SCV  
  13  0:12  SCV  
  14  0:17  Supply Depot  
  14  0:24  SCV  
  15  0:39  SCV  
  15  0:40  Barracks  
  16  0:44  Refinery  
  16  0:51  SCV  
  17  1:03  SCV  
  18  1:15  SCV  
  19  1:28  Marine, Orbital Command  
  20  1:42  Command Center  
  20  1:51  Barracks Reactor  
  20  1:58  SCV  
  20  1:59  Bunker  
  21  2:08  Barracks  
  21  2:11  SCV  
  22  2:18  Supply Depot  
  22  2:23  SCV  
  23  2:33  Marine  
  23  2:39  Marine, Factory  
  23  2:40  SCV  
  25  2:51  Marine  
  25  2:52  SCV  
  25  2:54  Orbital Command  
  25  2:56  Barracks Tech Lab  
  27  3:04  Marine  
  27  3:05  Refinery  
  28  3:08  SCV  
  28  3:09  Marine  
  30  3:16  Marine, Stimpack  
  31  3:20  SCV  
  31  3:27  Marine  
  33  3:33  SCV, Starport  
  33  3:34  Marine  
  35  3:35  SCV  
  35  3:37  Marine  
  37  3:41  Factory Reactor  
  37  3:45  Marine  
  37  3:50  Factory Tech Lab  
  37  3:51  Marine, SCV  
  38  3:58  Bunker  
  36  4:03  Marine  
  36  4:05  SCV x2  
  36  4:08  Cyclone  
  41  4:10  Marine  
  41  4:16  Medivac  
  42  4:18  Marine  
  42  4:19  Supply Depot  
  42  4:20  Marine  
  43  4:28  Marine  
  41  4:35  Supply Depot  
  41  4:36  Marine  
  41  4:41  Marine, Barracks  
  41  4:42  Supply Depot  
  41  4:46  Cyclone  
  42  4:54  Marine  
  43  5:03  Combat Shield  
  43  5:06  Barracks  
  43  5:07  Barracks  
  43  5:12  Marine  
  43  5:15  SCV  
  43  5:17  SCV  
  45  5:25  Supply Depot  
  45  5:27  SCV  
  44  5:29  Marine, SCV  
  44  5:32  Marine x2  
  44  5:34  Cyclone  
  49  5:39  Medivac  
  51  5:46  SCV  
  51  5:48  SCV  
  51  5:49  Marine  
  54  5:50  Marine  
  54  5:55  Marine  
  54  5:57  Marine, Supply Depot  
  56  5:58  Marine, SCV  
  59  6:05  Supply Depot  
  59  6:07  Marine  
  59  6:09  Medivac  
  62  6:18  Marine  
  62  6:19  Siege Tank  
  62  6:21  SCV  
  62  6:24  SCV  
  62  6:25  Engineering Bay  
  68  6:32  Marine  
  72  6:33  SCV  
  72  6:36  SCV  
  71  6:44  Refinery  
  71  6:45  SCV  
  71  6:46  Barracks Tech Lab  
  72  6:48  SCV  
  72  6:49  Refinery  
  72  6:50  Barracks Reactor  
  72  6:51  Supply Depot  
  72  6:52  Barracks Tech Lab  
  72  6:54  Missile Turret  
  73  6:57  SCV  
  73  7:00  SCV, Terran Infantry Weapons Level 1  
  75  7:04  Marauder  
  77  7:09  SCV  
  77  7:12  Marauder  
  77  7:14  Marauder  
  77  7:15  Supply Depot, SCV  
  83  7:18  Barracks Tech Lab  
  83  7:20  Starport Reactor  
  83  7:21  SCV  
  84  7:25  Concussive Shells  
  84  7:27  SCV  
  85  7:31  Marine x2, Marauder  
  85  7:33  SCV  
  85  7:34  Marine  
  85  7:35  Marine  
  85  7:36  Supply Depot  
  92  7:46  Siege Tank  
  92  7:47  SCV  
  95  7:52  Marine  
  95  7:53  Supply Depot  
  95  7:55  Marine  
  94  7:58  Medivac  
  94  8:04  Marine  
  94  8:05  Medivac  
  92  8:08  Marauder  
  93  8:13  Marine x2  
  93  8:15  SCV  
  93  8:16  Marine  
  93  8:18  Marine  
  93  8:19  Command Center  
  93  8:22  Marine  
  92  8:28  Siege Tank  
  92  8:29  Marauder  
  92  8:31  Marine  
  98  8:36  Viking  
  98  8:38  Marine  
  105  8:41  Marauder  
  105  8:42  Viking  
  105  8:45  Marine  
  105  8:47  Supply Depot  
  108  8:48  Marauder  
  108  8:50  Marine x2  
  108  8:54  SCV  
  112  8:56  Marine  
  112  9:00  Supply Depot  
  112  9:02  Marine  
  112  9:03  Siege Tank  
  116  9:14  Marine x2, Marauder  
  120  9:18  Viking x2  
  120  9:21  Marine  
  120  9:22  Marauder  
  126  9:29  SCV x2  
  128  9:33  Terran Infantry Armor Level 1  
  128  9:34  Marine, Supply Depot  
  128  9:37  Marine  
  128  9:38  Marine  
  131  9:41  SCV  
  131  9:45  Marine, SCV  
  133  9:48  Siege Tank  
  133  9:52  Orbital Command  
  136  9:53  SCV  
  136  9:57  Marine  
  136  9:58  Marine  
  136  9:59  Marauder  
  140  10:01  Viking  
  140  10:05  Viking  
  140  10:06  Marine  
  143  10:10  SCV  
  144  10:15  Marine  
  144  10:17  Ghost Academy  
  144  10:18  Missile Turret  
  145  10:21  Marine x2  
  145  10:22  Marauder  
  145  10:26  Marine  
  145  10:27  Marine  
  131  10:29  Orbital Command  
  131  10:31  Viking  
  131  10:34  Marine  
  107  10:40  Marauder  
  101  10:44  SCV  
  101  10:45  SCV  
  103  10:53  Marine  
  103  10:56  Enhanced Shockwaves, SCV  
  105  11:00  Marauder  
  105  11:02  Marine  
  108  11:10  SCV  
  111  11:12  Refinery  
  111  11:22  SCV x2  
  111  11:25  Marine, Marauder  
  118  11:27  Marine x2, Marauder  
  118  11:29  SCV  
  118  11:30  Marine, Sensor Tower  
  120  11:39  Bunker  
  120  11:42  Marine  
  120  11:44  Marine  
  120  11:45  Marauder  
  120  11:46  Marine  
  125  11:48  Viking  
  125  11:53  SCV x2  
  131  11:57  SCV  
  130  12:05  SCV x2  
  130  12:06  Armory  
  130  12:07  Engineering Bay  
  129  12:08  Siege Tank  
  129  12:14  Refinery  
  132  12:21  Liberator  
  135  12:23  Liberator  
  135  12:24  Ghost  
  135  12:28  Reaper  
  141  12:31  Ghost  
  141  12:36  Ghost  
  145  12:39  Ghost  
  146  12:49  Marine  
  146  12:53  Ghost  
  145  13:00  Marauder  
  145  13:01  Terran Infantry Weapons Level 2  
  145  13:02  Terran Infantry Armor Level 2  
  149  13:08  Marine  
  149  13:10  Marine  
  143  13:20  Terran Ship Weapons Level 1  
  143  13:21  Marine  
  143  13:22  Marine  
  143  13:23  Marauder, Command Center  
  143  13:26  Marine  
  146  13:28  Marine  
  146  13:30  Siege Tank  
  146  13:31  Medivac x2  
  156  13:43  Marine  
  156  13:47  Supply Depot, Ghost  
  156  13:48  Supply Depot, Ghost  
  154  13:49  Supply Depot  
  156  14:03  Marine  
  156  14:04  Marine, Marauder, Missile Turret  
  156  14:05  Marine, Missile Turret  
  156  14:07  Missile Turret  
  161  14:10  Medivac  
  161  14:16  Marine  
  161  14:17  Marine  
  164  14:21  Marine  
  164  14:22  Marine  
  168  14:25  Ghost  
  166  14:34  Marine  
  166  14:35  Marauder  
  166  14:38  Marine  
  166  14:40  Marine  
  166  14:44  Sensor Tower  
  167  14:50  Marine  
  167  14:52  Supply Depot  
  169  14:54  Marine  
  169  14:55  Ghost  
  169  14:56  Marine  
  169  14:57  Marine  
  172  15:08  Marine  
  177  15:16  Marine  
  179  15:25  Marauder  
  179  15:26  Marine  
  182  15:30  Marine, Terran Infantry Armor Level 3, Terran Infantry Weapons Level 3  
  182  15:31  Marauder  
  182  15:34  Marine  
  180  15:36  Sensor Tower  
  180  15:40  Viking  
  180  15:50  Marine  
  180  15:51  Marauder  
  180  15:55  Refinery, Missile Turret  
  179  15:59  Refinery  
  179  16:01  Marine x2, Marauder  
  183  16:06  Planetary Fortress  
  183  16:12  SCV  
  184  16:21  Medivac  
  184  16:25  Liberator  
  191  16:26  Missile Turret  
  189  16:35  SCV  
  189  16:38  Command Center  
  189  16:39  SCV  
  192  16:43  Siege Tank  
  194  16:47  SCV  
  194  16:51  SCV  
  196  17:02  Viking  
  198  17:09  Marine  
  198  17:11  Viking  
  193  17:16  Marine  
  194  17:28  Terran Ship Weapons Level 2  
  192  17:35  Liberator  
  180  17:37  Marine  
  180  17:39  Marine x3  
  180  17:40  Marauder x2  
  188  17:49  Command Center, Liberator  
  188  17:51  Orbital Command  
  191  17:55  Marine  
  191  17:57  Marine x2  
  191  17:58  Marauder  
  191  18:01  Marine x2  
  187  18:10  Starport  
  187  18:11  Fusion Core  
  186  18:13  Marine  
  186  18:15  Marine, Marauder  
  186  18:18  Liberator  
  192  18:21  Orbital Command  
  192  18:24  Ghost  
  189  18:29  Marine  
  189  18:31  Marine  
  189  18:32  Medivac  
  184  18:36  Ghost  
  184  18:39  Marine, Marauder  
  189  18:47  Ghost  
  188  18:58  Marine, Marauder  
  188  19:01  Medivac  
  188  19:02  Liberator  
  188  19:06  Marine, Marauder  
  187  19:11  Marine  
  187  19:15  Marine  
  187  19:21  Starport Reactor  
  180  19:26  Marine, Marauder x2  
  180  19:28  Marauder  
  180  19:30  Marauder  
  166  19:32  Refinery  
  166  19:33  Marine  
  167  19:39  SCV x2  
  167  19:44  Marine  
  164  19:47  Marine x2  
  164  19:49  Medivac, Marauder  
  164  19:51  Marine x2, Medivac  
  151  19:54  SCV  
  151  19:59  SCV  
  149  20:02  Marine  
  150  20:08  Missile Turret  
  150  20:11  Marine  
  148  20:17  SCV  

Tags
 
Add a new tag
Caveats
  • Supply blocks, unpowered buildings, or Contaminate may cause inaccurate times.
  • Supply counts are checked every 10 seconds.